 Dungeon Crawl Stone Soup version 0.28.0-53-g5a82cb258f (webtiles) character file.

Game seed: 3985575790431259097

57 cbfl8 the Chopper (level 3, 0/49 HPs)
             Began as a Minotaur Berserker on Aug 14, 2022.
             Was a Follower of Trog.
             Succumbed to a kobold's poison
             ... on level 2 of the Dungeon.
             The game lasted 00:02:09 (1624 turns).

cbfl8 the Chopper (Minotaur Berserker)              Turns: 1624, Time: 00:02:09

Health: 0/49       AC:  7    Str: 19 (21) XL:     3   Next: 73%
Magic:  2/2        EV: 10    Int:  1 (4)  God:    Trog [*.....]
Gold:   41         SH:  0    Dex:  8 (11) Spells: 2/2 levels left

rFire   . . .      SeeInvis .   b - +3 broad axe (venom)
rCold   . . .      Faith    .   (no shield)
rNeg    . . .      Spirit   .   i - +0 scale mail
rPois   .          Reflect  .   (helmet restricted)
rElec   .          Harm     .   (no cloak)
rCorr   .          Rampage  .   (no gloves)
Will    .....                   f - +0 pair of boots
Stlth   ..........              (no amulet)
HPRegen 0.16/turn               (no ring)
MPRegen 0.08/turn               (no ring)

@: berserking (expiring), lethally poisoned (0 -> -12), very quick
A: horns 2, retaliatory headbutt
a: Renounce Religion, Berserk


You were on level 2 of the Dungeon.
You worshipped Trog.
Trog was aware of your devotion.
You visited 1 branch of the dungeon, and saw 2 of its levels.

You collected 41 gold pieces.

Inventory:

Hand Weapons
 a - a +0 hand axe
 b - a +3 broad axe of venom (weapon)
Armour
 f - a +0 pair of boots (worn)
 i - a +0 scale mail (worn)
Wands
 g - a wand of digging (7)
Scrolls
 c - a scroll of noise {unknown}
 e - a scroll of teleportation
 h - 3 scrolls of fog


   Skills:
 * Level 4.1 Fighting
 * Level 4.6 Axes
 + Level 2.7 Armour
 * Level 2.7 Dodging
 * Level 0.8 Stealth


You had 2 spell levels left.
You didn't know any spells.
Your spell library was empty.

Dungeon Overview and Level Annotations

Branches:
Dungeon (2/15)

Altars:
Kikubaaqudgha


Innate Abilities, Weirdness & Mutations

You have a pair of horns on your head.
You reflexively headbutt those who attack you in melee.


Message History

You feel very sick. The kobold misses you.
The kobold hits you but does no damage.
You are more poisoned.
A kobold is nearby!
You barely miss the kobold.
You feel very sick. The kobold hits you but does no damage.
You are lethally poisoned!
There is a lethal amount of poison in your body!
You are too injured to fight recklessly!
There is a lethal amount of poison in your body!
You are too injured to fight recklessly!
There is a lethal amount of poison in your body!
It was a potion of degeneration.
There was something very wrong with that liquid.
You feel weakened.
You feel dopey.
You feel clumsy.
You feel very sick. The kobold closely misses you.
A red film seems to cover your vision as you go berserk!
You feel yourself moving faster!
You feel mighty!
* * * LOW HITPOINT WARNING * * *
You feel very sick. The kobold hits you but does no damage.
You are lethally poisoned!
You slice the kobold!!
You feel the power of Trog in you as your rage grows.
You kill the kobold!
Trog accepts your kill.
* * * LOW HITPOINT WARNING * * *
You feel very sick.
* * * LOW HITPOINT WARNING * * *
You feel very sick.
You feel a strong urge to attack something.
* * * LOW HITPOINT WARNING * * *
You feel sick.
* * * LOW HITPOINT WARNING * * *
You feel very sick.
You see here the Compendium of the Captivating Arsonist.
Unknown command.
You feel your anger nearly subside.
You die...

..............#
# .
.##############
# . # #.
###.### .......
.......
.......#######
......)†..:@.#
.......#####.#
....... #.#
..[.... #.#
###.### #.# #.
#.# #.# #.#
######## #.#
#.# #.......
###.# #.#
#.######


There were no monsters in sight!

Vanquished Creatures
  An adder (D:2)
  A worm (D:2)
  A ball python (D:1)
  6 endoplasms
  3 giant cockroaches
  3 goblins
  2 hobgoblins (D:2)
  8 jackals (D:2)
  4 bats
  7 kobolds
  5 rats
41 creatures vanquished.

Notes
Turn   | Place    | Note
-------+----------+-------------------------------------------
     0 | D:1      | cbfl8 the Minotaur Berserker began the quest for the Orb.
     0 | D:1      | Reached XP level 1. HP: 19/19 MP: 0/0
     6 | D:1      | Noticed a komodo dragon
     6 | D:1      | Noticed a swamp worm
     6 | D:1      | Noticed a salamander
     7 | D:1      | Noticed a wyvern
     7 | D:1      | Noticed a black bear
   204 | D:1      | Found a faded altar of an unknown god.
   443 | D:1      | Reached XP level 2. HP: 26/27 MP: 1/1
   868 | D:1      | Identified a scroll of acquirement
   868 | D:1      | Acquired a +3 broad axe of venom
  1025 | D:2      | Reached XP level 3. HP: 28/33 MP: 2/2
  1123 | D:2      | Found an ancient bone altar of Kikubaaqudgha.
  1623 | D:2      | HP: 2/49 [poisoned by a kobold]
  1624 | D:2      | Succumbed to a kobold's poison

Illustrated notes

Levels and vault maps discovered:
D:1:      onia_arrival_zoo_common, layout_loops_ring,
          shapermc_ecumenical_altar_pompeii
D:2:      layout_loops_ring, basic_altar, minmay_tetromino_i2

Skill      XL: |  1  2 |
---------------+-------+-----
Axes           | 4 |  4.6
Fighting       | 4 |  4.1
Armour         | |  2.7
Dodging        | |  2.7
Stealth        | |  0.8

Action                   || total
-------------------------++-------
Melee: Hand axe          ||    34
       Headbutt          ||     7
       Broad axe         ||    42
       Punch             ||     1
Invok: Berserk           ||     1
  Use: Scroll            ||     3
       Potion            ||     1
Armor: Animal skin       ||     2
       Ring mail         ||    10
       Scale mail        ||    17
Dodge: Dodged            ||    44
